 Dungeon Crawl Stone Soup version 0.27.0-1-g7a089689b8 (webtiles) character file.

Game seed: 11220148994346824895

3564 dtburroughs the Fighter (level 9, 0/118 (123) HPs)
             Began as a Minotaur Berserker on Aug 12, 2021.
             Was an Elder of Trog.
             Slain by a yak (6 damage)
             ... on level 7 of the Dungeon.
             The game lasted 00:11:12 (9466 turns).

dtburroughs the Fighter (Minotaur Berserker)        Turns: 9466, Time: 00:11:13

HP:   0/118 (123)   AC: 13    Str: 22    XL:     9   Next: 84%
MP:   8/8           EV:  8    Int:  7    God:    Trog [****..]
Gold: 284           SH:  0    Dex: 10    Spells: 8/8 levels left

rFire    + + .     SeeInvis +   F - +0 battleaxe (elec)
rCold    + . .     Faith    +   (shield currently unavailable)
rNeg     . . .     Spirit   .   e - +0 plate armour
rPois    .         Reflect  .   (helmet restricted)
rElec    .         Harm     .   D - scarf {rC+ rF+}
rCorr    .         Rampage  .   (no gloves)
Will     .....                  (no boots)
Stlth    ..........             t - amulet of faith
HPRegen  0.29/turn              g - ring of see invisible
MPRegen  0.11/turn              v - ring of protection from fire

@: berserking, lightly drained, very quick
A: horns 2, retaliatory headbutt
a: Renounce Religion, Berserk, Trog's Hand, Brothers in Arms


You were on level 7 of the Dungeon.
You worshipped Trog.
Trog was greatly pleased with you.
You visited 1 branch of the dungeon, and saw 8 of its levels.

You collected 284 gold pieces.

Inventory:

Hand Weapons
 a - a +0 hand axe
 f - a +0 antimagic flail
 s - a +3 flail of protection
 F - a +0 battleaxe of electrocution (weapon)
Missiles
 C - 4 throwing nets (quivered)
Armour
 e - a +0 plate armour (worn)
 B - a +0 kite shield
 D - a scarf of resistance (worn)
Jewellery
 g - a ring of see invisible (left hand)
 t - an amulet of faith (around neck)
 v - a ring of protection from fire (right hand)
Wands
 k - a wand of polymorph (5)
 r - a wand of digging (7)
 y - a wand of flame (7)
Scrolls
 c - 3 scrolls of immolation {unknown}
 h - 2 scrolls of vulnerability {unknown}
 j - 2 scrolls of identify {unknown}
 o - 3 scrolls of teleportation {unknown}
 q - 3 scrolls of blinking {unknown}
 u - 2 scrolls of enchant armour {unknown}
 w - 5 scrolls of fog {unknown}
 x - a scroll of magic mapping {unknown}
 A - a scroll of amnesia {unknown}
Potions
 d - 5 potions of curing {unknown}
 i - 2 potions of brilliance {unknown}
 l - 3 potions of lignification {unknown}
 m - a potion of invisibility {unknown}
 n - 2 potions of heal wounds {unknown}
 p - a potion of haste {unknown}
 z - a potion of flight {unknown}
 E - a potion of might {unknown}


   Skills:
 + Level 8.4 Fighting
 + Level 8.4 Axes
 + Level 8.0 Armour
 + Level 7.2 Dodging
 + Level 4.4 Shields
 + Level 4.2 Evocations


You had 8 spell levels left.
You didn't know any spells.
Your spell library was empty.

Dungeon Overview and Level Annotations

Branches:
Dungeon (8/15)             Temple (0/1) D:5
   Lair: D:8-11

Altars:
Dithmenos
Hepliaklqana
Makhleb
Uskayaw

Shops:
D:4 !   D:5 =*

Annotations:
D:7 1 runed translucent door, Crazy Yiuf


Innate Abilities, Weirdness & Mutations

You have a pair of horns on your head.
You reflexively headbutt those who attack you in melee.


Message History

The yak gores you but does no damage. The wight closely misses you.
The yak gores you! The yak gores you.
There is a stone staircase leading up, spattered with blood here.
You barely miss the yak. You closely miss the wight. You slash the wight!
You barely miss the yak. The wight hits you but does no damage.
The yak gores you. The wight hits you with a +5 dagger.
You feel drained.
The yak gores you! x2; The wight hits you with a +0 mace.
You feel drained.
You slash the yak!
The yak is heavily wounded.
You hit the wight. Lightning courses through the wight!
You destroy the wight!
Trog accepts your kill.
You hit the wight.
You destroy the wight!
Trog accepts your kill.
You slash the yak! The wight closely misses you. The yak gores you. x2
The wight hits you from afar with a +3 spear.
Your Armour skill increases to level 8!
The gnoll closely misses you.
The gnoll hits you from afar with a +0 halberd.
The wight hits you from afar with a +3 spear.
* * * LOW HITPOINT WARNING * * *
You climb upwards.
Level annotation: 1 runed translucent door, Crazy Yiuf
There is a stone staircase leading down, spattered with blood here.
A red film seems to cover your vision as you go berserk!
You feel yourself moving faster!
You feel mighty! The yak gores you!
* * * LOW HITPOINT WARNING * * *
The yak gores you!
* * * LOW HITPOINT WARNING * * *
You closely miss the yak. Your headbutt misses the yak.
The yak is heavily wounded.
You slash the yak! Lightning courses through the yak!
The yak gores you but does no damage. x2
You barely miss the yak. You headbutt the yak!
The yak is almost dead.
You barely miss the yak. The yak gores you!
* * * LOW HITPOINT WARNING * * *
The yak gores you.
You die...

#.##.# #.# ###..##.....##.
#.##.# #.## ##.###..#..###
##....# #..# #..##..###..##
#.....# ##.####......###....
#.###.####...##..####..#...##
#.# #.>..........# #......##
#.###.##.......#.########..##
#.....#...^.)Y.)<..# ##.#.##
##.####.....@[.#.#.# #.###..
##.####.#..[Y.##.#.# ##.#.##
#.......##...###.#.######.###
#.#####.###.## #.#....# #.# #
#...# #.###.# #.####.# #.# #
#...# #..##.# #.# #.###.# #
#...# #..##.# #.# #.....#
#.#####..##.# #.####.....##
#....(...##.####...#.......#


You could see 2 yaks.

Vanquished Creatures
  Harold (D:7)
  A two-headed ogre (D:8)
  Edmund (D:4)
  Duvessa (D:4)
  An ice beast (D:6)
  2 sky beasts
  2 black bears
  A necrophage (D:5)
  An ogre (D:4)
  A kobold brigand (D:8)
  A bullfrog (D:6)
  4 scorpions
  Dowan (D:4)
  A water moccasin skeleton (D:4)
  9 wights
  A howler monkey (D:7)
  A hound (D:5)
  An orc priest (D:6)
  A gnoll shaman (D:7)
  A bullfrog skeleton (D:5)
  An iguana (D:5)
  4 orc wizards
  2 hound zombies (D:5)
  A howler monkey zombie (D:4)
  A gnoll (D:7)
  11 adders
  A howler monkey skeleton (D:7)
  A river rat (D:4)
  3 white imps
  An ufetubus (D:5)
  2 worms
  16 orcs
  7 endoplasms
  5 giant cockroaches (D:4)
  4 goblins
  6 hobgoblins
  8 jackals
  3 quokkas
  4 ball pythons
  3 bats
  4 frilled lizards
  13 kobolds
  A quokka skeleton (D:4)
  5 rats
140 creatures vanquished.

Vanquished Creatures (others)
  2 plants (D:6)
2 creatures vanquished.

Grand Total: 142 creatures vanquished

Notes
Turn   | Place    | Note
-------+----------+-------------------------------------------
     0 | D:1      | dtburroughs the Minotaur Berserker began the quest for the
                  | Orb.
     0 | D:1      | Reached XP level 1. HP: 19/19 MP: 0/0
   553 | D:1      | Reached XP level 2. HP: 27/27 MP: 1/1
  1359 | D:2      | Reached XP level 3. HP: 26/33 MP: 2/2
  1505 | D:2      | Reached ** piety under Trog
  2178 | D:3      | Found a burning altar of Makhleb.
  2314 | D:3      | Reached XP level 4. HP: 31/41 MP: 3/3
  2583 | D:3      | Found a hide-covered altar of Uskayaw.
  2867 | D:4      | Noticed an ogre
  2875 | D:4      | Killed an ogre
  2876 | D:4      | Reached XP level 5. HP: 47/47 MP: 4/4
  3217 | D:4      | Found Wimudwui's Distillery.
  3356 | D:4      | Reached skill level 5 in Fighting
  3449 | D:4      | Reached *** piety under Trog
  3450 | D:4      | Reached skill level 5 in Axes
  3497 | D:4      | Reached XP level 6. HP: 24/56 MP: 5/5
  3905 | D:4      | Found the +3 robe of Clouds {+Thunder rCloud rElec}
  3942 | D:4      | Noticed Duvessa
  3942 | D:4      | Noticed Dowan
  3951 | D:4      | Killed Duvessa
  3954 | D:4      | Killed Dowan
  3955 | D:4      | Reached skill level 5 in Armour
  4175 | D:4      | Reached XP level 7. HP: 51/62 MP: 6/6
  4310 | D:4      | Noticed Edmund
  4323 | D:4      | Killed Edmund
  4619 | D:5      | Entered Level 5 of the Dungeon
  4626 | D:5      | Found Tugutt's Jewellery Emporium.
  4780 | D:5      | Reached skill level 5 in Dodging
  5041 | D:5      | Found Lafu Vei's Assorted Antiques.
  5218 | D:5      | Found a staircase to the Ecumenical Temple.
  5446 | D:5      | Reached skill level 1 in Evocations
  5762 | D:6      | Found a hazy altar of Hepliaklqana.
  5812 | D:6      | Reached XP level 8. HP: 71/71 MP: 7/7
  6999 | D:6      | Reached skill level 1 in Shields
  7250 | D:7      | Found a shadowy altar of Dithmenos.
  7276 | D:7      | Noticed Harold
  7290 | D:7      | Killed Harold
  7291 | D:7      | Reached XP level 9. HP: 41/79 MP: 8/8
  7294 | D:7      | Reached **** piety under Trog
  8360 | D:7      | Found a runed translucent door.
  8361 | D:7      | Noticed Crazy Yiuf
  8624 | D:8      | Noticed a two-headed ogre
  8636 | D:8      | Killed a two-headed ogre
  9466 | D:7      | Slain by a yak

Illustrated notes

Levels and vault maps discovered:
D:1:      matt_arrival_grand_opening, layout_loops_ring, serial_bayou_crossing
D:2:      layout_basic
D:3:      layout_rooms, nicolae_uskayaw_dance_hall, lemuel_round_altar
D:4:      layout_gridville, gup_sewer_entry_spiral, kennysheep_diamond,
          kennysheep_small_circle, uniq_edmund, uniq_duvessa
D:5:      layout_basic, minmay_temple_entry_antechambers, serial_shops,
          nicolae_shop_crystal, nicolae_take_the_stairs, hex_medium
D:6:      layout_loops_ring, nicolae_hepliaklqana_hazy_memory, bh_walls_and_bars
D:7:      layout_loops_ring, nicolae_dithmenos_shadow_blocks,
          uniq_crazy_yiuf_cottage, uniq_harold
D:8:      layout_basic

Skill      XL: |  1  2  3  4  5  6  7  8  9 |
---------------+----------------------------+-----
Fighting       | 4 5 6 7 8 |  8.4
Axes           | 4 5 6 7 8 |  8.4
Armour         | 3 4 5 7 8 |  8.0
Dodging        | 3 4 5 6 7 |  7.2
Evocations     | 1 3 4 |  4.2
Shields        | 2 4 |  4.4

Action                   |  1- 3 |  4- 6 |  7- 9 || total
-------------------------+-------+-------+-------++-------
Melee: Hand axe          |   103 |    99 |   274 ||   476
       Headbutt          |    11 |     9 |    66 ||    86
       Battleaxe         |       |       |     4 ||     4
Invok: Berserk           |       |     3 |     7 ||    10
       Trog's Hand       |       |       |     1 ||     1
Evoke: Wand              |       |       |     7 ||     7
Armor: Animal skin       |     1 |       |       ||     1
       Plate armour      |    86 |    60 |   174 ||   320
Dodge: Dodged            |    47 |    37 |    90 ||   174
Block: Kite shield       |       |       |    66 ||    66
